AoeStats
← Herby

Arena

505601609Analyzed
4v4 RM · 23d ago on Sep 10, 2026· 34m 41s· 8 players
Game mode
Random Map
Map size
Large (8 player)
Population
200
Speed
Normal
Resources
Standard
Victory
Conquest
Starting age
Dark Age
Ending age
Imperial Age
RankedLock teamsTeams togetherTeam positionsShared explorationLock speedFull tech treeHidden civsTurbo modeCheats
Victory
Defeat
🇲🇽 Romans · Mexico
1450
+11
🇲🇽 Mapuche · Mexico
1443
+12
🇳🇿 Turks · New Zealand
1416
+13
🇺🇸 Jurchens · United States
1416
-16
🇨🇦 Spanish · Canada
1354
-13
🇮🇳 Persians · India
1353
-13
🇺🇸 Portuguese · United States
1255
-9
JayJayNico
10:55 Feudal Age
9:17 Loom
14:29 Castle Age
13:46 Double-Bit Axe
18:34 Horse Collar
26:00 Imperial Age
24:01 Bow Saw
23:59 Gold Mining
24:55 Padded Archer Armor
26:09 Gold Shaft Mining
26:17 Leather Archer Armor
27:53 Ring Archer Armor
31:23 Fletching
Herby
7:52 Loom
10:11 Feudal Age
13:45 Castle Age
12:43 Double-Bit Axe
12:51 Gold Mining
15:39 Bow Saw
25:13 Wheelbarrow
27:20 Hand Cart
29:34 Redemption
臣等正欲死战,陛下何故先降耶?
10:07 Feudal Age
12:46 Loom
15:06 Castle Age
13:05 Double-Bit Axe
13:26 Horse Collar
16:35 Bow Saw
16:28 Heavy Plow
21:48 Gold Mining
23:45 Gold Shaft Mining
28:27 Imperial Age
25:46 Loom
26:40 Wheelbarrow
26:39 Scale Barding Armor
26:45 Forging
28:44 Chain Barding Armor
28:59 Iron Casting
28:37 Heavy Camel Rider
29:51 Bloodlines
30:18 Plate Barding Armor
29:46 Husbandry
30:27 Conscription
30:09 Grand Trunk Road
30:32 Imperial Camel Rider
32:14 Blast Furnace
33:51 Two-Man Saw
[Pb] Komodo 3000
9:57 Feudal Age
13:36 Castle Age
11:57 Double-Bit Axe
17:29 Gold Mining
24:15 Horse Collar
24:46 Bow Saw
34:23 Forging
Karma
11:56 Feudal Age
15:44 Castle Age
18:29 Double-Bit Axe
19:27 Loom
21:03 Fletching
23:35 Bow Saw
25:56 Wheelbarrow
27:14 Gold Mining
28:54 Bodkin Arrow
35:00 Imperial Age
DragonicOverlord
10:56 Feudal Age
14:44 Castle Age
13:00 Double-Bit Axe
13:34 Horse Collar
19:24 Bow Saw
19:16 Heavy Plow
22:00 Wheelbarrow
28:47 Imperial Age
26:34 Hand Cart
26:35 Padded Archer Armor
26:46 Forging
26:41 Scale Barding Armor
26:37 Scale Mail Armor
27:30 Leather Archer Armor
28:05 Gold Mining
28:53 Iron Casting
27:40 Pikeman
28:21 Squires
28:48 Chain Barding Armor
28:31 Husbandry
28:57 Bloodlines
28:14 Light Cavalry
30:26 Chemistry
29:31 Hussar
30:50 Halberdier
32:52 Cavalier
35:20 Chain Mail Armor
36:05 Blast Furnace
TheRealBirdie
10:21 Feudal Age
14:08 Castle Age
12:26 Double-Bit Axe
13:39 Horse Collar
16:57 Loom
18:05 Gold Mining
Nice day for fishing
11:21 Feudal Age
15:00 Castle Age
12:49 Horse Collar
13:08 Double-Bit Axe
16:05 Bow Saw
15:58 Heavy Plow
21:40 Wheelbarrow
22:44 Scale Barding Armor
23:09 Town Watch
23:32 Gold Mining
23:46 Husbandry
23:59 Bloodlines
24:36 Hand Cart
24:54 Loom
25:33 Chain Barding Armor
25:59 Forging
29:00 Fletching
29:47 Iron Casting
32:55 Light Cavalry
Connection lost

Rejoining the realm…

Still unreachable

The connection could not be restored.

Session expired

The server has moved on; the page needs a fresh start.